 Seeded DCSS version 0.27.1-2-g3b301248ec (webtiles) character file.

Game seed: 14551798346683263451 (custom seed)

37 babuloseo the Skirmisher (level 3, 23/29 HPs)
             Began as a Human Fighter on Sept 30, 2021.
             Quit the game on level 2 of the Dungeon.
             The game lasted 00:01:26 (805 turns).

babuloseo the Skirmisher (Human Fighter)             Turns: 805, Time: 00:01:26

Health: 23/29      AC:  6    Str: 17    XL:     3   Next: 60%
Magic:  3/3        EV:  7    Int:  8    God:
Gold:   34         SH:  9    Dex: 12    Spells: 2/2 levels left

rFire    . . .     SeeInvis .   a - +0 long sword
rCold    . . .     Faith    .   c - +0 kite shield
rNeg     . . .     Spirit   .   b - +0 scale mail
rPois    .         Reflect  .   (no helmet)
rElec    .         Harm     .   (no cloak)
rCorr    .         Rampage  .   (no gloves)
Will     .....                  (no boots)
Stlth    ..........             (no amulet)
HPRegen  0.09/turn              (no ring)
MPRegen  0.08/turn              (no ring)

@: no status effects
A: no striking features
a: no special abilities


You were on level 2 of the Dungeon.
You visited 1 branch of the dungeon, and saw 2 of its levels.

You collected 34 gold pieces.

Inventory:

Hand Weapons
 a - a +0 long sword (weapon)
 j - the +9 staff of Olgreb {rPois∞}
   (You acquired it on level 2 of the Dungeon)

   If the wielder is skilled in Evocations, they can envenom those struck by it,
   dealing poison damage which bypasses armour.
   It enhances your poison magic.
   It grants immunity to poison.
   It can be evoked to radiate toxic energy, with effectiveness depending on
   Evocations skill.
Armour
 b - a +0 scale mail (worn)
 c - a +0 kite shield (worn)
Scrolls
 f - a scroll of magic mapping {unknown}
 g - a scroll of torment {unknown}
 h - a scroll of enchant armour {unknown}
 i - a scroll of identify {unknown}
Potions
 d - a potion of might
 e - a potion of ambrosia {unknown}


   Skills:
 + Level 3.3 Fighting
 * Level 2.7 Long Blades
 + Level 3.2 Armour
 + Level 3.3 Shields


You had 2 spell levels left.
You didn't know any spells.
Your spell library was empty.

Dungeon Overview and Level Annotations

Branches:
Dungeon (2/15)

Altars:
Qazlal

Annotations:
D:2 1 runed translucent door


Message History

You hit the hobgoblin but do no damage.
The hobgoblin is heavily wounded.
The hobgoblin closely misses you.
You closely miss the hobgoblin.
The hobgoblin is heavily wounded.
You block the hobgoblin's attack. The hobgoblin barely misses you.
You riposte.
You hit the hobgoblin.
The hobgoblin is severely wounded.
You barely miss the hobgoblin.
The hobgoblin is severely wounded.
You block the hobgoblin's attack.
You closely miss the hobgoblin.
The hobgoblin is severely wounded.
The hobgoblin hits you but does no damage. x2
You hit the hobgoblin but do no damage.
The hobgoblin is severely wounded.
You block the hobgoblin's attack.
You hit the hobgoblin.
You kill the hobgoblin!
You barely miss the hobgoblin. You block the hobgoblin's attack.
You barely miss the hobgoblin. You block the hobgoblin's attack.
The hobgoblin hits you.
You hit the hobgoblin.
The hobgoblin is almost dead.
The hobgoblin hits you.
You closely miss the hobgoblin.
The hobgoblin is almost dead.
The hobgoblin hits you but does no damage.
The hobgoblin completely misses you.
You riposte.
You hit the hobgoblin.
You kill the hobgoblin!
You see here a hobgoblin corpse.
There is an open door here.
There is an open door here.
j - a scroll labelled LONUMM XATILEEJ This is a scroll of acquirement!
Something appears at your feet!
Unknown command.
You see here the +9 staff of Olgreb {rPois∞}.
j - the +9 staff of Olgreb {rPois∞} Are you sure you want to abandon this character and quit the game? (Confirm with "yes".)

###### #.. .....#
#.#
####.#####.####
..............# #
##.....###.##.#)#
##.#..##
#.....#####
...#..#
#....##...##
......#
#.####.....#
......#
#†#..#.@...#
#######
#.'..'.....#
#.#..#..(..#
........####..:.!#
###.)...# ##...##
#.....$.# #####
..#...$.# #
#.....# ...####


There were no monsters in sight!

Vanquished Creatures
  An adder (D:2)
  A dart slug (D:1)
  2 bats
  2 endoplasms (D:1)
  A giant cockroach (D:1)
  2 goblins (D:1)
  7 hobgoblins
  2 kobolds (D:1)
  A quokka (D:2)
  A ball python (D:2)
  2 frilled lizards (D:1)
  A rat (D:2)
23 creatures vanquished.

Notes
Turn   | Place    | Note
-------+----------+-------------------------------------------
     0 | D:1      | babuloseo the Human Fighter began the quest for the Orb.
     0 | D:1      | Reached XP level 1. HP: 18/18 MP: 1/1
   125 | D:1      | Reached XP level 2. HP: 24/24 MP: 2/2
   547 | D:2      | Found a stormy altar of Qazlal.
   555 | D:2      | Reached XP level 3. HP: 21/29 MP: 3/3
   730 | D:2      | Found a runed translucent door.
   801 | D:2      | Identified a scroll of acquirement
   801 | D:2      | Acquired the +9 staff of Olgreb {rPois∞}
   801 | D:2      | Found the +9 staff of Olgreb {rPois∞}
   805 | D:2      | Quit the game

Illustrated notes

Levels and vault maps discovered:
D:1:      lemuel_arrival_river_bridge, layout_rooms
D:2:      layout_loops_cross, basic_altar, serial_shops, shop,
          minmay_goblin_kobold_house, uniq_crazy_yiuf_cottage, uniq_robin

Action                   || total
-------------------------++-------
Melee: Long sword        ||    65
  Use: Scroll            ||     1
Armor: Scale mail        ||    34
Dodge: Dodged            ||    15
Block: Kite shield       ||    29
       Rpst.: Long sword ||     6
